 Dungeon Crawl Stone Soup version 0.24-a0-584-g9d6b971ae4 (webtiles) character file.

Game seed: 78554721095034041, levelgen mode: deterministic

16465 Arang the Cleaver (level 12, -2/97 HPs)
             Began as a Formicid Fighter on Sept 3, 2019.
             Was an Elder of Makhleb.
             Slain by a minotaur
             ... wielding the +3 short sword "Jellybane" {pierce, +Fly rElec rPois rC-}
              (4 damage)
             ... in a Gauntlet.
             The game lasted 00:47:02 (16918 turns).

Arang the Cleaver (Formicid Fighter)               Turns: 16918, Time: 00:47:04

Health: -2/97      AC: 23    Str: 37    XL:     12   Next: 70%
Magic:  17/17      EV:  8    Int:  7    God:    Makhleb [****..]
Gold:   630        SH:  0    Dex: 10    Spells: 11/11 levels left

rFire    . . .     SeeInvis +   b - +3 hand axe
rCold    . . .     Gourm    .   h - +2 shield
rNeg     . . .     Faith    .   M - +0 plate armour
rPois    .         Spirit   .   (helmet unavailable)
rElec    .         Reflect  .   o - +2 cloak "Itrakhi" {*Slow Str+7}
rCorr    .         Harm     .   g - +1 pair of gloves {archery}
MR       +++..                  y - +2 pair of boots {Stlth+}
Stlth    ..........             C - amulet of the acrobat
HPRegen  0.26/turn              l - ring of protection from magic
MPRegen  0.15/turn              K - ring of protection from magic

@: confused, mighty
A: permanent stasis, dig shafts and tunnels, four strong arms, antennae 3, dopey
1
a: Dig, Shaft Self, Minor Destruction, Lesser Servant of Makhleb, Major
Destruction, Renounce Religion


You were in a Gauntlet.
You worshipped Makhleb.
Makhleb was greatly pleased with you.
You were not hungry.

You visited 1 branch of the dungeon, and saw 12 of its levels.
You also visited: Sewer, Bailey and Gauntlet.

You collected 630 gold pieces.

Inventory:

Hand Weapons
 a - a +2 executioner's axe of electrocution
 b - a +3 hand axe (weapon)
 v - a +0 broad axe
Missiles
 D - 2 throwing nets
 G - 3 poisoned darts (quivered)
 Q - 3 boomerangs
 S - 5 datura-tipped darts
Armour
 c - a +2 cloak of invisibility
 g - a +1 pair of gloves of archery (worn)
 h - a +2 shield (worn)
 o - the +2 cloak "Itrakhi" (worn) {*Slow Str+7}
   (You acquired it on level 8 of the Dungeon)

   It affects your strength (+7).
   It may slow you when you take damage.
 y - a +2 pair of boots of stealth (worn)
 M - a +0 plate armour (worn)
Jewellery
 l - a ring of protection from magic (left hand)
 r - a +4 ring of intelligence
 C - an amulet of the acrobat (around neck)
 K - a ring of protection from magic (right hand)
Wands
 q - a wand of acid (16)
 u - a wand of flame (32)
 w - a wand of polymorph (8)
Scrolls
 e - a scroll of immolation
 i - a scroll of identify
 k - 5 scrolls of magic mapping
 t - 2 scrolls of remove curse
 E - 3 scrolls of amnesia
 L - 4 scrolls of fog
 N - 4 scrolls of enchant armour
Potions
 d - 2 potions of might
 j - 2 potions of curing
 n - a potion of resistance
 p - 2 potions of agility
 s - 5 potions of lignification
 z - 3 potions of flight
 H - a potion of brilliance
 J - 3 potions of magic
Comestibles
 f - 27 rations


   Skills:
 + Level 9.7 Fighting
 + Level 13.5 Axes
 + Level 9.3 Armour
 - Level 0.3 Dodging
 - Level 0.2 Stealth
 + Level 8.4 Shields
 - Level 7.0 Invocations
 - Level 0.1 Evocations


You had 11 spell levels left.
You didn't know any spells.
Your spell library contained the following spells:

 Spells                   Type           Power        Failure   Level  Hunger
 Sandblast                Erth           #.....       95%         1    ##.....
 Passwall                 Tmut/Erth      #.......     99%         2    ###....
 Stone Arrow              Conj/Erth      #.....       100%        3    ####...
 Petrify                  Tmut/Erth      #.......     100%        4    #####..
 Lee's Rapid Deconstruct  Erth           #.........   100%        5    ######.


Dungeon Overview and Level Annotations

Branches:
Dungeon (12/15)            Temple (0/1) D:4            Lair (0/6) D:10
    Orc (0/2) D:12          Sewer (visited)          Bailey (visited)
Gauntlet (1/1)

Altars:
Ashenzari
Cheibriados
Gozag
Hepliaklqana
Kikubaaqudgha
Makhleb
Nemelex Xobeh
Okawaru
Qazlal
Ru
Trog
Vehumet
Wu Jian

Shops:
D:6 =   D:8 ?

Annotations:
D:3 exclusion: 2 downstairs
D:4 exclusion: downstairs
D:5 exclusion: downstairs
D:10 exclusion: downstairs Gauntlet 21 runed translucent doors, 6 transporters, exclusion: obsidian statue


Innate Abilities, Weirdness & Mutations

You cannot be hasted, slowed, berserked, paralysed or teleported.
You can dig through walls and to a lower floor.
Your four strong arms can wield two-handed weapons with a shield.
You have a pair of large antennae on your head. (SInv)
You are dopey. (Int -2)


Message History

Your hellwing hits the minotaur but does no damage.
Are you sure you want to stumble around while confused and next to your hellwing?
Uppercase [Y]es or [N]o only, please.
Are you sure you want to stumble around while confused and next to your hellwing?
Uppercase [Y]es or [N]o only, please.
Are you sure you want to stumble around while confused and next to your hellwing?
Okay, then.
Unknown command.
Are you sure you want to stumble around while confused and next to your hellwing?
Okay, then.
The minotaur hits your hellwing with the +3 short sword "Jellybane" {pierce, +Fly rElec rPois rC-}!!
Your hellwing dies!
Your hellwing hits the minotaur but does no damage. x2
Are you sure you want to stumble around while confused and next to your hellwing?
You miss the minotaur.
The minotaur is severely wounded.
The minotaur hits you with the +3 short sword "Jellybane" {pierce, +Fly rElec rPois rC-}!
* * * LOW HITPOINT WARNING * * *
x2 The minotaur gores you.
You die...

.#..##.##.?#..#.8...
##G#.#.#.#.#..#...##
.#.##...##.#..#.8.##
.#.........#..#.....
.###########..#...## ##..
.............≈#.©.##....#
≈............∩#......#
.............≈#.4H##.##.#
.###########..#(@.##....#
.#..###.#.3#..#(.(...#
.#.#.#.....#..#.8.##.#
###.#.#.##!#..#...## ..
.#..P.###P.#..#.8... #.#
©###.#P##8©#..#.§§## ..
.##.#.©###%#..#≈8§# #
##.##..#..##..#####
.#.#.P#..#.#..#


You could see a minotaur, an obsidian statue, a neqoxec and a friendly hellwing.

Vanquished Creatures
  Erica (D:8)
  A death scarab (Gauntlet)
  A two-headed ogre (D:11)
  An unseen horror (D:11)
  2 manticores
  An ugly thing (D:11)
  Joseph (D:8)
  Psyche (D:8)
  A gargoyle (D:11)
  A komodo dragon (D:10)
  A kobold demonologist (Bailey)
  A merfolk (D:9)
  2 trolls (D:10)
  A meliai zombie (D:12)
  A hippogriff (D:10)
  3 flying skulls (Gauntlet)
  A spectral black mamba (Gauntlet)
  A vampire (D:9)
  6 yaks (D:9)
  2 hungry ghosts
  Grum (D:8)
  A steam dragon (D:11)
  3 black bears
  8 orc warriors
  5 ice beasts
  A necrophage (D:5)
  3 phantoms
  5 sky beasts
  4 ogres
  3 wolves (D:8)
  6 centaurs
  A crocodile (D:8)
  A wyvern zombie (D:6)
  6 bullfrogs
  2 gnoll sergeants (D:8)
  8 scorpions
  9 wights
  4 howler monkeys
  2 electric eels
  4 crimson imps
  A bullfrog zombie (D:12)
  2 centaur zombies
  10 hounds
  An orc priest (D:9)
  3 bullfrog skeletons
  A jelly (D:7)
  4 centaur skeletons
  Ijyb (D:3)
  2 iguanas
  13 orc wizards
  8 worker ants
  A killer bee zombie (D:9)
  A centaur simulacrum (D:12)
  A hound zombie (D:6)
  6 river rats (Sewer)
  21 adders
  16 gnolls
  4 shadow imps
  A worm (D:6)
  5 dart slugs
  5 leopard geckos
  40 orcs
  14 bats
  8 giant cockroaches
  11 goblins
  8 hobgoblins
  18 jackals
  2 quokkas
  12 ball pythons
  3 frilled lizards
  7 kobolds
  26 rats
363 creatures vanquished.

Vanquished Creatures (collateral kills)
  An orc high priest (Bailey)
  An orc knight (Bailey)
  2 orc warriors (Bailey)
  An electric eel (Bailey)
  A gnoll (Bailey)
  An orc (Bailey)
  A goblin (Bailey)
  A hobgoblin (Bailey)
9 creatures vanquished.

Vanquished Creatures (others)
  A hound (D:11)
  4 plants (D:10)
  9 withered plants (Gauntlet)
14 creatures vanquished.

Grand Total: 386 creatures vanquished

Notes
Turn   | Place    | Note
-------+----------+-------------------------------------------
     0 | D:1      | Arang the Formicid Fighter began the quest for the Orb.
     0 | D:1      | Reached XP level 1. HP: 18/18 MP: 1/1
   135 | D:1      | Reached XP level 2. HP: 22/24 MP: 2/2
   536 | D:1      | Reached XP level 3. HP: 28/30 MP: 3/3
   996 | D:2      | Reached skill level 3 in Axes
  1003 | D:2      | Reached XP level 4. HP: 21/37 MP: 4/4
  1686 | D:3      | Found a burning altar of Makhleb.
  1701 | D:3      | Reached skill level 4 in Axes
  1701 | D:3      | Reached XP level 5. HP: 32/42 MP: 5/5
  1711 | D:3      | Became a worshipper of Makhleb the Destroyer
  1845 | D:3      | Found a stormy altar of Qazlal.
  1935 | D:3      | Found an ancient bone altar of Kikubaaqudgha.
  2200 | D:3      | Noticed Ijyb
  2208 | D:3      | Killed Ijyb
  2684 | D:4      | Reached XP level 6. HP: 49/49 MP: 6/6
  2730 | D:4      | Noticed an ogre
  2957 | D:4      | Reached skill level 5 in Axes
  3637 | D:4      | Found a staircase to the Ecumenical Temple.
  3944 | D:4      | Killed an ogre
  3944 | D:4      | Reached XP level 7. HP: 16/55 MP: 7/7
  4201 | D:5      | Entered Level 5 of the Dungeon
  4207 | D:5      | Reached * piety under Makhleb
  4207 | D:5      | Reached skill level 6 in Axes
  4267 | D:5      | Reached skill level 5 in Fighting
  4608 | D:5      | Found a hazy altar of Hepliaklqana.
  4645 | D:5      | Reached XP level 8. HP: 55/62 MP: 8/8
  4911 | D:5      | Reached skill level 7 in Axes
  5342 | D:5      | Reached skill level 8 in Axes
  5401 | D:6      | Reached skill level 5 in Armour
  5422 | D:6      | Found a radiant altar of Vehumet.
  5579 | D:6      | Found a glowing drain.
  5584 | D:6      | Reached ** piety under Makhleb
  5604 | Sewer    | Entered a sewer
  6201 | Sewer    | Reached XP level 9. HP: 50/67 MP: 9/9
  6204 | Sewer    | Reached *** piety under Makhleb
  6507 | D:6      | Reached skill level 9 in Axes
  6848 | D:6      | HP: 2/69 [orc warrior/+0 glaive (21)]
  7622 | D:6      | Found Meso's Jewellery Emporium.
  7873 | D:6      | Reached skill level 10 in Axes
  8011 | D:7      | Found a flagged portal.
  8048 | Bailey   | Entered a bailey
  8110 | Bailey   | Found an iron altar of Okawaru.
  8110 | Bailey   | Noticed an orc high priest
  8110 | Bailey   | Noticed a kobold demonologist
  8113 | Bailey   | Noticed a hellwing
  8114 | Bailey   | Noticed an orange demon
  8131 | Bailey   | Gained mutation: You are dopey. (Int -2) [a neqoxec]
  8133 | Bailey   | Noticed a soul eater
  8141 | Bailey   | HP: 1/72 [soul eater/drain life[an orc high priest] (21)]
  8141 | Bailey   | Killed an orc high priest
  8141 | Bailey   | Reached skill level 5 in Invocations
  8141 | Bailey   | Reached XP level 10. HP: 1/79 MP: 10/14
  8147 | Bailey   | Killed a kobold demonologist
  8408 | Bailey   | Noticed an orc knight
  8437 | Bailey   | Killed an orc knight
 10115 | D:7      | Found a bloodstained altar of Trog.
 10116 | D:7      | Found a sparkling altar of Nemelex Xobeh.
 10124 | D:7      | Found an iron altar of Okawaru.
 10124 | D:7      | Found an opulent altar of Gozag.
 10514 | D:7      | Found a shattered altar of Ashenzari.
 10677 | D:8      | Noticed Psyche
 10689 | D:8      | Killed Psyche
 10900 | D:8      | Reached skill level 5 in Shields
 10989 | D:8      | Got a dazzling cloak
 11000 | D:8      | Identified the +2 cloak "Itrakhi" {*Slow Str+7} (You
                  | acquired it on level 8 of the Dungeon)
 11021 | D:8      | Noticed Erica
 11033 | D:8      | Killed Erica
 11033 | D:8      | Reached skill level 11 in Axes
 11033 | D:8      | Reached XP level 11. HP: 86/86 MP: 16/16
 11188 | D:8      | Found an ornate altar of the Wu Jian Council.
 11189 | D:8      | Found a snail-covered altar of Cheibriados.
 11319 | D:8      | Found Bisipnomm's Magic Scroll Emporium.
 11356 | D:8      | Reached **** piety under Makhleb
 11420 | D:8      | Noticed Grum
 11424 | D:8      | Killed Grum
 11442 | D:8      | Noticed Joseph
 11457 | D:8      | Killed Joseph
 12008 | D:9      | Reached skill level 12 in Axes
 12105 | D:9      | Noticed a manticore
 12112 | D:9      | Killed a manticore
 12697 | D:9      | Found a sacrificial altar of Ru.
 13500 | D:10     | Entered Level 10 of the Dungeon
 13972 | D:10     | Found a staircase to the Lair.
 14122 | D:10     | Reached XP level 12. HP: 95/95 MP: 17/17
 15337 | D:11     | Noticed a two-headed ogre
 15394 | D:10     | Reached ***** piety under Makhleb
 15650 | D:11     | Noticed an unseen horror
 15677 | D:11     | Killed an unseen horror
 15677 | D:11     | Reached skill level 13 in Axes
 15750 | D:11     | Killed a two-headed ogre
 16304 | D:12     | Found a staircase to the Orcish Mines.
 16359 | D:12     | Found a gate leading to a gauntlet.
 16368 | Gauntlet | Entered a Gauntlet
 16368 | Gauntlet | Found a large runed translucent door.
 16368 | Gauntlet | Found a large runed translucent door.
 16368 | Gauntlet | Found a large runed translucent door.
 16368 | Gauntlet | Found a large runed translucent door.
 16368 | Gauntlet | Found a large runed translucent door.
 16368 | Gauntlet | Found a large runed translucent door.
 16368 | Gauntlet | Found a large runed translucent door.
 16368 | Gauntlet | Found a large runed translucent door.
 16368 | Gauntlet | Found a runed translucent door.
 16368 | Gauntlet | Found a runed translucent gate.
 16368 | Gauntlet | Found a transporter.
 16368 | Gauntlet | Found a transporter.
 16368 | Gauntlet | Found a runed translucent gate.
 16368 | Gauntlet | Found a transporter.
 16368 | Gauntlet | Noticed a tengu warrior
 16369 | Gauntlet | Found a transporter.
 16369 | Gauntlet | Noticed a death scarab
 16371 | Gauntlet | Found a runed translucent gate.
 16371 | Gauntlet | Found a runed translucent door.
 16372 | Gauntlet | Found a transporter.
 16377 | Gauntlet | Found a large runed translucent door.
 16377 | Gauntlet | Found a large runed translucent door.
 16381 | Gauntlet | Noticed a catoblepas
 16382 | Gauntlet | Found a transporter.
 16386 | Gauntlet | Found a transporter.
 16392 | Gauntlet | Noticed a glowing orange brain
 16396 | Gauntlet | Found a transporter.
 16441 | Gauntlet | Found a large runed translucent door.
 16441 | Gauntlet | Found a large runed translucent door.
 16444 | Gauntlet | Found a large runed translucent door.
 16444 | Gauntlet | Found a large runed translucent door.
 16445 | Gauntlet | Found a large runed translucent door.
 16446 | Gauntlet | Found a large runed translucent door.
 16486 | Gauntlet | Found a transporter.
 16500 | Gauntlet | Found a transporter.
 16500 | Gauntlet | Found a transporter.
 16510 | Gauntlet | Found a transporter.
 16776 | Gauntlet | Killed a death scarab
 16897 | Gauntlet | Identified the +3 short sword "Jellybane" {pierce, +Fly
                  | rElec rPois rC-}
 16897 | Gauntlet | Noticed a minotaur
 16918 | Gauntlet | HP: 2/97 [minotaur/the +3 short sword "Jellybane" {pierce,
                  | +Fly rElec rPois rC-} (3)]
 16918 | Gauntlet | Slain by a minotaur

Levels and vault maps discovered:
D:1:      dpeg_arrival_orchard, layout_loops_cross, minmay_misc_feat_roman
D:2:      layout_basic, first_ration
D:3:      layout_loops_corners, kiku_gazebo_garden_becter, lemuel_crystal_altar,
          makhleb_blood_cavern_becter, uniq_ijyb
D:4:      layout_rooms, minmay_temple_entry_grid
D:5:      layout_cave_pools, lemuel_crystal_altar
D:6:      layout_loops_ring, lemuel_crystal_altar, serial_shops,
          nicolae_shop_stone, portal_sewer_entry_f
D:7:      layout_loops_ring, grunt_temple_overflow_open, kennysheep_mini_moat,
          enter_bailey_6
D:8:      layout_cave_pools, gammafunk_temple_overflow_statue,
          serial_gnoll_camp, gnoll_camp_mini_hut, grums_kennel,
          gnoll_camp_mini_shop, gnoll_camp_mini_sergeant, uniq_psyche,
          uniq_erica, uniq_joseph
D:9:      layout_basic, lemuel_coloured_pillars_altar, kennysheep_nondescript,
          hangedman_fish_farm, minmay_misc_feat_cross
D:10:     layout_layer_cave, david_lair_shrubbed, water_maze_lemuel
D:11:     layout_cave_pools
D:12:     minmay_weird_star, layout_cave_pools, orc_0_dummy,
          gauntlet_entry_generic, serial_ice, serial_ice_o, serial_ice_h,
          serial_ice_a, serial_ice_l
Gauntlet: gammafunk_gauntlet_hard_choice [gammafunk_gauntlet_arena_crates,
          minmay_gauntlet_arena_make_your_own_arena,
          gammafunk_gauntlet_arena_arrow_garden,
          gammafunk_gauntlet_arena_split_diamond,
          gammafunk_gauntlet_arena_mazey, gammafunk_gauntlet_arena_corners,
          gauntlet_exit_green]

Skill      XL: |  1  2  3  4  5  6  7  8  9 10 11 12 |
---------------+-------------------------------------+-----
Axes           | 3 4 5 6 8 10 11 12 13 | 13.5
Fighting       | 4 5 6 7 8 9 |  9.7
Armour         | 4 5 6 7 8 9 |  9.3
Invocations    | 5 7 |  7.0
Shields        | 5 7 8 |  8.4
Dodging        | |  0.3
Stealth        | |  0.2
Evocations     | |  0.1

Action                   |  1- 3 |  4- 6 |  7- 9 | 10-12 || total
-------------------------+-------+-------+-------+-------++-------
Melee: War axe           |   137 |   182 |   268 |       ||   587
       Hand axe          |       |       |   168 |   270 ||   438
       Executioner's axe |       |       |       |   384 ||   384
Throw: Dart              |       |       |     2 |    29 ||    31
       Boomerang         |       |       |       |     1 ||     1
Invok: Lesser Servant of |       |       |     6 |     6 ||    12
Evoke: Wand              |       |     4 |       |       ||     4
  Use: Potion            |       |       |    12 |     4 ||    16
       Scroll            |       |       |    11 |    13 ||    24
 Stab: Distracted        |       |       |       |     3 ||     3
  Eat: Chunk             |     1 |     9 |    14 |    29 ||    53
       Ration            |       |       |       |     1 ||     1
Armor: Scale mail        |    94 |    76 |   197 |       ||   367
       Chain mail        |       |       |    20 |    12 ||    32
       Plate armour      |       |       |       |   341 ||   341
Dodge: Dodged            |    69 |    61 |   124 |   200 ||   454
Block: Shield            |   110 |    97 |   235 |   412 ||   854

Table legend:
 A = Non-vault XP
 B = Vault XP
 C = Vault XP percentage of total XP
 D = Non-vault monster count
 E = Vault monster count
 F = Vault count percentage of total count
                 A         B        C        D         E       F
            +---------+---------+-------+---------+---------+-------
      Total |   14993 |    8529 |  36.3 |     250 |     123 |  33.0
            +---------+---------+-------+---------+---------+-------
        D:1 |      33 |       0 |   0.0 |      16 |       0 |   0.0
        D:2 |      75 |       0 |   0.0 |      19 |       0 |   0.0
        D:3 |      60 |      85 |  58.6 |      21 |       2 |   8.7
        D:4 |     368 |       0 |   0.0 |      21 |       0 |   0.0
        D:5 |    1069 |       0 |   0.0 |      33 |       0 |   0.0
        D:6 |    1357 |      14 |   1.0 |      27 |       6 |  18.2
        D:7 |     582 |       0 |   0.0 |      13 |       0 |   0.0
        D:8 |     657 |    2713 |  80.5 |       8 |      17 |  68.0
        D:9 |    3039 |     305 |   9.1 |      35 |       1 |   2.8
       D:10 |    3014 |     372 |  11.0 |      32 |       1 |   3.0
       D:11 |    3642 |       0 |   0.0 |      18 |       0 |   0.0
       D:12 |    1097 |     157 |  12.5 |       7 |       2 |  22.2
      Sewer |       0 |     379 | 100.0 |       0 |      48 | 100.0
     Bailey |       0 |    2676 | 100.0 |       0 |      41 | 100.0
   Gauntlet |       0 |    1828 | 100.0 |       0 |       5 | 100.0
            +---------+---------+-------+---------+---------+-------
